 Dungeon Crawl Stone Soup version 0.25-a0-663-gace7076f2c (webtiles) character file.

Game seed: 1838354614258550635, levelgen mode: deterministic

691 CryoSword the Cudgeler (level 7, -5/79 HPs)
             Began as an Ogre Chaos Knight on Mar 25, 2020.
             Was a Plaything of Xom.
             Slain by a troll (7 damage)
             ... on level 6 of the Dungeon.
             The game lasted 00:11:33 (4368 turns).

CryoSword the Cudgeler (Ogre Chaos Knight)          Turns: 4368, Time: 00:11:36

Health: -5/79      AC:  6    Str: 17    XL:     7   Next: 63%
Magic:  7/7        EV: 10    Int: 13    God:    Xom [*.....]
Gold:   320        SH:  4    Dex: 10    Spells: 6/6 levels left

rFire    . . .     SeeInvis .   a - +2 giant spiked club
rCold    . . .     Gourm    .   (shield currently unavailable)
rNeg     . . .     Faith    .   x - +2 robe
rPois    .         Spirit   .   e - +1 hat
rElec    .         Reflect  .   (no cloak)
rCorr    .         Harm     .   (gloves unavailable)
MR       .....                  (boots unavailable)
Stlth    +.........             (no amulet)
HPRegen  0.23/turn              (no ring)
MPRegen  0.10/turn              (no ring)

@: no status effects
A: large, unfitting armour, horns 1, talons 1, large bone plates 1, robust 1,
tough skin 1
a: Renounce Religion


You were on level 6 of the Dungeon.
You worshipped Xom.
You were a special plaything of Xom.
You were not hungry.

You visited 1 branch of the dungeon, and saw 6 of its levels.
You also visited: Sewer.

You collected 320 gold pieces.

Inventory:

Hand Weapons
 a - a +2 giant spiked club (weapon)
   (You found it in a sewer)
 b - a +1 mace of chaos
Missiles
 d - 86 stones
 g - 6 curare-tipped darts
 h - 15 poisoned darts
 s - 2 boomerangs (quivered)
 v - 5 javelins
 C - a throwing net
Armour
 e - a +1 hat (worn)
   (You found it on level 1 of the Dungeon)
 x - a +2 robe (worn)
Jewellery
 f - an uncursed ring of fire
   (You took it off a hobgoblin on level 1 of the Dungeon)
 p - an uncursed ring of fire
   (You found it on level 2 of the Dungeon)
Scrolls
 j - 4 scrolls of remove curse {@r2}
 l - 2 scrolls of teleportation {@r4}
 n - 6 scrolls of blinking
 q - a scroll of noise {unknown}
 y - a scroll of immolation {!r}
 z - a scroll of amnesia {unknown}
 B - a scroll of identify {@r1}
Potions
 k - a potion of might {unknown}
 m - a potion of berserk rage {unknown}
 o - a potion of flight {unknown}
 r - 3 potions of heal wounds {unknown}
 t - a potion of mutation {unknown}
 u - 2 potions of stabbing {unknown}
 w - 3 potions of ambrosia {unknown}
 A - a potion of curing {unknown}
Comestibles
 c - 11 rations {!d}


   Skills:
 - Level 5.3 Fighting
 + Level 7.1 Maces & Flails
 - Level 3.1 Dodging


You had 6 spell levels left.
You didn't know any spells.
Your spell library contained the following spells:

 Spells                   Type           Power        Failure   Level  Hunger
 Corona                   Hex            #......      30%         1    ##.....
 Slow                     Hex            #.......     43%         2    ###....
 Inner Flame              Hex/Fire       #.......     67%         3    ####...
 Portal Projectile        Hex/Tloc       #.....       67%         3    ####...
 Cause Fear               Hex            #.........   97%         4    #####..
 Leda's Liquefaction      Hex/Erth       #.........   97%         4    #####..


Dungeon Overview and Level Annotations

Branches:
Dungeon (6/15)             Temple (0/1) D:5           Sewer (visited)

Altars:
Ashenzari
Cheibriados
Gozag
Makhleb
Nemelex Xobeh
Qazlal
Uskayaw
Vehumet
Xom
Yredelemnul
The Shining One

Shops:
D:5 }


Innate Abilities, Weirdness & Mutations

You are too large for most types of armour.
You have tough skin. (AC +1)
You have a pair of small horns on your head.
You have sharp toenails.
You are partially covered in large bone plates. (SH +4)
You are robust. (+10% HP)


Message History

HP restored. "Take this token of my esteem."
Something appears at your feet!
You now have 279 gold pieces (gained 17).
You see here an adder skeleton.
Things that are here:
a +0 flail; a sky beast corpse; an orc skeleton You now have 291 gold pieces (gained 12).
d - 86 stones (gained 17)
A hound comes into view.
Found a burning altar of Makhleb.
The hound barely misses you.
A hound is nearby!
You puncture the hound!
You kill the hound!
You are feeling hungry.
No target in view!
Eating one of 3 chunks of flesh.
You eat one of the 3 chunks of flesh.
This raw flesh tastes terrible.
You butcher the hound corpse.
i - 3 chunks of flesh (gained 1)
You see here a hound skeleton. x2
There is a burning altar of Makhleb here.
You see here a hound skeleton.
You stumble into a teleport trap!
You are suddenly yanked towards some nearby monsters!
Your surroundings suddenly seem different.
A jelly comes into view.
The jelly quivers.
A giant cockroach comes into view.
The giant cockroach bites you.
You bludgeon the giant cockroach!!
You kill the giant cockroach! "Let's go for a ride!"
Your surroundings suddenly seem different.
Found an escape hatch in the floor.
A quokka comes into view.
Unknown command.
Unknown command.
Unknown command.
The helpless quokka fails to defend itself.
You impale the quokka!!
You kill the quokka!
No target in view!
You butcher the quokka corpse.
i - 4 chunks of flesh (gained 1)
You see here a quokka skeleton. x2
There is an escape hatch in the floor here.
Found a stone staircase leading down.
Some of the chunks of flesh in your inventory have rotted away.
B - a scroll of identify {@r1} You see here a centaur barding.
Found a stone staircase leading up.
There is a stone staircase leading up here.
The jelly is too close now for your liking.
A jelly is nearby!
A jelly is nearby!
The jelly quivers.
You see here a giant cockroach corpse.
You bludgeon the jelly!!
You kill the jelly!
No target in view!
No target in view!
You butcher the giant cockroach corpse.
i - 4 chunks of flesh (gained 2)
An iguana comes into view.
The iguana hisses angrily.
An iguana is nearby!
An iguana is nearby!
The iguana bites you.
You hit the iguana. You claw the iguana. Your headbutt misses the iguana.
The iguana is moderately wounded.
The iguana closely misses you.
You barely miss the iguana. Your kick misses the iguana.
You headbutt the iguana.
The iguana is heavily wounded.
The iguana misses you. You block the iguana's attack.
You sock the iguana!
You kill the iguana!
No target in view!
A worm comes into view.
A worm is nearby!
A worm is nearby!
A worm is nearby!
Found 11 gold pieces.
The worm bites you!
You barely miss the worm. You claw the worm.
The worm is lightly wounded.
The worm barely misses you.
You puncture the worm!
You kill the worm!
Your Maces & Flails skill increases to level 7!
No target in view!
You now have 302 gold pieces (gained 11).
You open the door.
Found Lifux's Gadget Emporium.
There is an open door here.
There is an entrance to Lifux's Gadget Emporium here.
You can access your shopping list by pressing '$'.
There is an open door here.
A scorpion comes into view.
The scorpion stings you but does no damage.
You hit the scorpion. You claw the scorpion.
The scorpion is moderately wounded.
The scorpion stings you. The scorpion barely misses you.
You bludgeon the scorpion!!
You kill the scorpion!
No target in view!
You see here a scorpion corpse.
You now have 320 gold pieces (gained 18).
Found a stone staircase leading down.
j - 4 scrolls of remove curse {@r2} (gained 1)
There is a stone staircase leading down here.
There is a stone staircase leading up here.
Some of the chunks of flesh in your inventory have rotted away.
Some of the chunks of flesh in your inventory have rotted away.
All of the chunks of flesh in your inventory have rotted away.
Done exploring.
Done exploring.
There is a stone staircase leading down here.
You climb downwards.
You hear the hiss of flowing sand.
There is an entrance to an ossuary on this level.
Hurry and find it before the portal is buried!
There is a stone staircase leading up here.
No target in view!
A troll comes into view.
The troll shouts!
The troll moves out of view.
The troll is too close now for your liking.
You barely miss the troll. You claw the troll, but do no damage.
The troll bites you! The troll closely misses you. The troll claws you.
The troll bites you! The troll claws you. You block the troll's attack.
You are too injured to fight recklessly!
You are too injured to fight recklessly!
You are too injured to fight recklessly!
You closely miss the troll.
You headbutt the troll, but do no damage.
The troll closely misses you. The troll claws you. x2
* * * LOW HITPOINT WARNING * * *
You closely miss the troll. The troll bites you.
* * * LOW HITPOINT WARNING * * *
The troll barely misses you. The troll claws you!
* * * LOW HITPOINT WARNING * * *
The troll bites you!
* * * LOW HITPOINT WARNING * * *
The troll claws you!
* * * LOW HITPOINT WARNING * * *
The troll claws you!
You die...
Xom guffaws!

#.# #.# #.# #.#
#### #.#
.....##.#######
#..T.......#
..#######@###
.......<....#
.########.#.#
#.#.# #.# # #.#
#.# #.# .#


You could see a troll.

Vanquished Creatures
  A sky beast (D:5)
  A crocodile (Sewer)
  A scorpion (D:5)
  2 crimson imps (D:5)
  3 hounds
  2 orc wizards (D:4)
  A jelly (D:5)
  A bullfrog skeleton (D:4)
  An iguana (D:5)
  7 adders
  An adder skeleton (D:4)
  6 worms
  A dart slug (D:3)
  10 orcs
  4 giant cockroaches
  11 goblins
  16 hobgoblins
  2 jackals (Sewer)
  9 kobolds
  A quokka (D:5)
  A ball python (D:3)
  5 bats
  6 frilled lizards
  A leopard gecko zombie (D:5)
  6 rats (D:1)
100 creatures vanquished.

Vanquished Creatures (collateral kills)
  A hobgoblin (D:1)
1 creature vanquished.

Grand Total: 101 creatures vanquished

Notes
Turn   | Place    | Note
-------+----------+-------------------------------------------
     0 | D:1      | CryoSword the Ogre Chaos Knight began the quest for the
                  | Orb.
     0 | D:1      | Reached XP level 1. HP: 24/24 MP: 1/1
    41 | D:1      | XOM: harmless Chrm miscast
    47 | D:1      | Reached skill level 3 in Maces & Flails
    47 | D:1      | Reached XP level 2. HP: 32/32 MP: 2/2
   324 | D:1      | Found a glowing golden altar of the Shining One.
   510 | D:1      | Reached XP level 3. HP: 39/40 MP: 3/3
   656 | D:2      | XOM: potion effect (brilliance)
   836 | D:1      | XOM: divination: detect items
   911 | D:2      | XOM: harmless Pois miscast
   954 | D:2      | Reached XP level 4. HP: 32/49 MP: 4/4
  1136 | D:2      | Found a shimmering altar of Xom.
  1411 | D:2      | Found a shattered altar of Ashenzari.
  1439 | D:2      | XOM: divination: detect creatures
  1552 | D:2      | Found a snail-covered altar of Cheibriados.
  1555 | D:2      | Found a sparkling altar of Nemelex Xobeh.
  1561 | D:2      | Found a basalt altar of Yredelemnul.
  1669 | D:3      | Found a glowing drain.
  1886 | Sewer    | Entered a sewer
  1946 | Sewer    | Reached skill level 5 in Fighting
  2069 | Sewer    | Noticed a crocodile
  2079 | Sewer    | Killed a crocodile
  2079 | Sewer    | Reached skill level 4 in Maces & Flails
  2079 | Sewer    | Reached XP level 5. HP: 46/57 MP: 5/5
  2092 | Sewer    | XOM: god gift: bubbling brown potion {god gift}
  2308 | D:3      | Found a faded altar of an unknown god.
  2326 | D:3      | XOM: mild Ice miscast
  2364 | D:3      | Noticed a water elemental
  2367 | D:3      | Noticed a fire elemental
  2369 | D:3      | Found a stormy altar of Qazlal.
  2385 | D:3      | Noticed an air elemental
  2448 | D:3      | XOM: medium Conj miscast
  2523 | D:3      | Found a hide-covered altar of Uskayaw.
  2527 | D:3      | Noticed a +0 dagger
  2527 | D:3      | Noticed a +0 hand axe
  2719 | D:3      | Reached XP level 6. HP: 60/66 MP: 6/6
  2793 | D:3      | XOM: give mutations
  2793 | D:3      | Gained mutation: You have a pair of small horns on your
                  | head. [Xom's grace]
  2793 | D:3      | Gained mutation: You are partially covered in large bone
                  | plates. (SH +4) [Xom's grace]
  2793 | D:3      | Gained mutation: You have sharp toenails. [Xom's grace]
  2793 | D:3      | Gained mutation: You evolve. [Xom's grace]
  2996 | D:4      | XOM: harmless Fire miscast
  3076 | D:4      | Found a radiant altar of Vehumet.
  3109 | D:4      | Reached skill level 5 in Maces & Flails
  3461 | D:4      | Gained mutation: You are robust. (+10% HP) [evolution]
  3461 | D:4      | Lost mutation: You evolve. [end of evolution]
  3831 | D:5      | Entered Level 5 of the Dungeon
  3835 | D:5      | Found an opulent altar of Gozag.
  3850 | D:5      | Found a staircase to the Ecumenical Temple.
  3882 | D:5      | Noticed a sky beast
  3895 | D:5      | Killed a sky beast
  3895 | D:5      | Reached skill level 6 in Maces & Flails
  3895 | D:5      | Reached XP level 7. HP: 72/79 MP: 7/7
  3898 | D:5      | XOM: blink monster(s)
  3945 | D:5      | XOM: severe Air miscast
  4051 | D:5      | XOM: god gift: 17 gold pieces
  4071 | D:5      | Found a burning altar of Makhleb.
  4098 | D:5      | XOM: 1-stop teleportation journey
  4198 | D:5      | Reached skill level 7 in Maces & Flails
  4209 | D:5      | Found Lifux's Gadget Emporium.
  4364 | D:6      | Noticed a troll
  4368 | D:6      | HP: 2/79 [troll (7)]
  4368 | D:6      | Slain by a troll

Levels and vault maps discovered:
D:1:      mainiacjoe_arrival_reflecting_pool, layout_basic, tso_metal_star
D:2:      layout_rooms, lemuel_round_altar, grunt_temple_overflow_diamond,
          evilmike_ruin_ashenzari, first_ration, minmay_stone_trees_large
D:3:      layout_basic, nicolae_qazlal_style_of_elements,
          dancing_weapons_uskayaw, cheibrodos_sewer_entry_drain,
          chequers_ecumenical_altar_island
D:4:      layout_basic, nicolae_overflow_crystal_walls, minmay_close_crescents
D:5:      layout_rooms, makhleb_heckhound_becter, overflow_temple_1_default,
          minmay_temple_entry_offerings, serial_shops, kennysheep_little_box
D:6:      layout_loops_ring, enter_ossuary_5, basic_altar, serial_shops, shop,
          due_unseen_surprise

Skill      XL: |  1  2  3  4  5  6  7 |
---------------+----------------------+-----
Maces & Flails | 3 4 6 7 |  7.1
Fighting       | 5 |  5.3
Dodging        | 3 |  3.1

Action                   |  1- 3 |  4- 6 |  7- 9 || total
-------------------------+-------+-------+-------++-------
Melee: Mace              |    94 |   169 |       ||   263
       Giant spiked club |       |    31 |    20 ||    51
       Kick              |       |    11 |     4 ||    15
       Headbutt          |       |     6 |     3 ||     9
Throw: Stone             |       |    17 |       ||    17
       Dart              |       |     5 |       ||     5
  Use: Scroll            |       |    10 |       ||    10
 Stab: Paralysed         |     1 |       |       ||     1
       Sleeping          |       |       |     1 ||     1
  Eat: Chunk             |       |     9 |     2 ||    11
Armor: Robe              |    33 |    69 |     2 ||   104
Dodge: Dodged            |    55 |    99 |    11 ||   165
Block: Other             |       |     8 |     3 ||    11

Table legend:
 A = Non-vault XP
 B = Vault XP
 C = Vault XP percentage of total XP
 D = Non-vault monster count
 E = Vault monster count
 F = Vault count percentage of total count
                 A         B        C        D         E       F
            +---------+---------+-------+---------+---------+-------
      Total |     782 |     206 |  20.9 |      90 |      11 |  10.9
            +---------+---------+-------+---------+---------+-------
        D:1 |      54 |       0 |   0.0 |      27 |       0 |   0.0
        D:2 |      59 |       0 |   0.0 |      17 |       0 |   0.0
        D:3 |      80 |      15 |  15.8 |      22 |       3 |  12.0
        D:4 |     149 |      39 |  20.7 |      11 |       1 |   8.3
        D:5 |     440 |      40 |   8.3 |      13 |       1 |   7.1
      Sewer |       0 |     112 | 100.0 |       0 |       6 | 100.0
            +---------+---------+-------+---------+---------+-------
